 Dungeon Crawl Stone Soup version 0.23-a0-629-gae4348f6cf (webtiles) character file.

47740 GordonOverkill the Bludgeoner (level 13, 0/119 HPs)
             Began as a Demigod Wanderer on Dec 25, 2018.
             Slain by a spiny frog (18 damage)
             ... on level 6 of the Lair of Beasts.
             The game lasted 00:54:07 (27505 turns).

GordonOverkill the Bludgeoner (Demigod Wanderer)   Turns: 27505, Time: 00:54:07

Health: 0/119      AC: 22    Str: 24    XL:     13   Next: 73%
Magic:  0/19       EV:  6    Int: 14    God:
Gold:   881        SH: 12    Dex: 16    Spells: 12/12 levels left

rFire    + + .     SeeInvis .   c - +2 morningstar (drain)
rCold    + . .     Gourm    .   W - +0 shield {rF+}
rNeg     . . .     Faith    .   L - +0 crystal plate armour
rPois    +         Spirit   +   s - +2 hat
rElec    .         Reflect  .   H - scarf {rC+ rF+}
rCorr    +         Harm     .   X - +0 pair of gloves
MR       ++...                  (no boots)
Stlth    ..........             v - amulet of guardian spirit
HPRegen  0.29/turn              o - +3 ring of evasion
MPRegen  0.16/turn              M - ring of resist corrosion

@: studying Fighting
A: high mp 1, magic resistance 1, poison resistance, evolution 1
a: no special abilities


You were on level 6 of the Lair of Beasts.
You were not hungry.

You visited 2 branches of the dungeon, and saw 18 of its levels.
You also visited: Bailey.

You collected 1523 gold pieces.
You spent 642 gold pieces at shops.

Inventory:

Hand Weapons
 c - a +2 morningstar of draining (weapon)
 N - a +3 morningstar
 Q - a +0 whip of distortion
 S - a +0 antimagic mace
Missiles
 t - 45 tomahawks (quivered)
 O - a throwing net
 Y - 6 arrows
Armour
 s - a +2 hat (worn)
 A - a +0 large shield
 H - a scarf of resistance (worn)
 L - a +0 crystal plate armour (worn)
 W - a +0 shield of fire resistance (worn)
 X - a +0 pair of gloves (worn)
Jewellery
 g - an uncursed ring of flight
 o - a +3 ring of evasion (left hand)
 v - an amulet of guardian spirit (around neck)
 x - an uncursed ring of positive energy
 M - a ring of resist corrosion (right hand)
 P - an uncursed ring of magical power
Wands
 d - a wand of acid (6)
 e - a wand of paralysis (26)
 z - a wand of clouds (3)
 R - a wand of iceblast (9)
Scrolls
 a - a scroll of identify
 b - a scroll of amnesia
 m - 9 scrolls of remove curse
 n - 4 scrolls of enchant armour
 r - 13 scrolls of teleportation
 u - 4 scrolls of immolation
 y - 4 scrolls of enchant weapon
 B - 4 scrolls of magic mapping
 E - 2 scrolls of fog
 F - 3 scrolls of summoning
 G - 3 scrolls of silence
 I - 4 scrolls of fear
Potions
 h - 8 potions of curing
 j - 2 potions of agility
 k - 2 potions of magic
 l - 3 potions of ambrosia
 p - 4 potions of flight
 q - a potion of invisibility
 w - 6 potions of haste
 C - 4 potions of might
 D - 6 potions of lignification
 J - 3 potions of resistance
 K - 2 potions of cancellation
 T - a potion of mutation
 V - a potion of brilliance {unknown}
Books
 i - a manual of Fighting
Comestibles
 f - 46 rations
 Z - 20 chunks of flesh


   Skills:
 + Level 12.3 Fighting
 * Level 15.8 Maces & Flails
 + Level 7.4 Armour
 - Level 1.0 Stealth
 + Level 8.2 Shields
 - Level 4.0 Evocations


You had 12 spell levels left.
You didn't know any spells.
Your spell library contained the following spells:

 Spells                   Type           Power        Failure   Level  Hunger
 Beastly Appendage        Tmut           #.....       100%        1    ##.....
 Confusing Touch          Hex            #.....       100%        1    ##.....
 Corona                   Hex            #......      100%        1    ##.....
 Magic Dart               Conj           #...         100%        1    ##.....
 Searing Ray              Conj           #.....       100%        2    ###....
 Slow                     Hex            #.......     100%        2    ###....
 Sticks to Snakes         Tmut           #.......     100%        2    ###....
 Confuse                  Hex            #.......     100%        3    ####...
 Dazzling Spray           Conj/Hex       #.....       100%        3    ####...
 Gell's Gravitas          Tloc           #.........   100%        3    ####...
 Inner Flame              Hex/Fire       #.......     100%        3    ####...
 Portal Projectile        Hex/Tloc       #.....       100%        3    ####...
 Spider Form              Tmut/Pois      #.........   100%        3    ####...
 Cause Fear               Hex            #.........   100%        4    #####..
 Force Lance              Conj/Tloc      #.......     100%        4    #####..
 Fulminant Prism          Conj/Hex       #.........   100%        4    #####..
 Ice Form                 Ice/Tmut       #.......     100%        4    #####..
 Iskenderun's Mystic Bla  Conj           #.......     100%        4    #####..
 Leda's Liquefaction      Hex/Erth       #.........   100%        4    #####..
 Petrify                  Tmut/Erth      #.......     100%        4    #####..
 Blade Hands              Tmut           #.........   100%        5    ######.
 Metabolic Englaciation   Hex/Ice        #.........   100%        5    ######.
 Silence                  Hex/Air        #.........   100%        5    ######.
 Yara's Violent Unravell  Hex/Tmut       #.........   100%        5    ######.
 Deflect Missiles         Chrm/Air       #.........   100%        6    #######
 Discord                  Hex            #.........   100%        8    #######


Dungeon Overview and Level Annotations

Branches:
Dungeon (12/15)            Temple (0/1) D:5            Lair (6/6) D:9
 Shoals (0/4) Lair:2       Spider (0/4) Lair:3        Slime (0/5) Lair:5
    Orc (0/2) D:12

Shops:
D:8 (   D:10 [[!*=

Annotations:
Lair:4 3 runed doors, nawrastar's ghost, journeyman TeCj
Lair:5 3 runed doors, levstk's ghost, journeyman DrFE


Innate Abilities, Weirdness & Mutations

You have an increased reservoir of magic. (+10% MP)
You are resistant to hostile enchantments. (MR+)
Your system is resistant to poisons. (rPois)
You evolve.


Message History

Z - 20 chunks of flesh (gained 2)
You see here a komodo dragon skeleton.
You start resting.
Magic restored.
You start resting.
A moth of wrath comes into view.
The moth of wrath's fur bristles in rage as it notices you.
A spiny frog comes into view.
The moth of wrath goads the spiny frog on!
The spiny frog goes berserk!
The spiny frog stings you!!
* * * LOW HITPOINT WARNING * * *
The spiny frog stings you.
* * * LOW HITPOINT WARNING * * *
The spiny frog stings you!
* * * LOW HITPOINT WARNING * * *
You feel much better. The spiny frog stings you!!
* * * LOW HITPOINT WARNING * * *
The spiny frog stings you!!
You die...

##....P# ##....##
#.....#####.....
#.......##.PP..##
##.....##.P.....#
#...รท..##.......
##....P.###....#
##....P..#P....###
#.........P....#@#
##.............F##
#............y.#
#.............###.##
#.......P......P....#
#....#...............
#......##............
#......###..[.........
#.....###.............


You could see a moth of wrath and a spiny frog (berserk).

Vanquished Creatures
  4 hydras
  A centaur warrior (D:11)
  2 two-headed ogres
  A death yak (D:8)
  Sonja (Lair:5)
  Pikel (D:3)
  An ugly thing (D:12)
  3 oklob plants (Lair:3)
  2 manticores
  2 black mambas (Lair:4)
  A merfolk siren (Lair:2)
  6 elephants (Lair:5)
  A gargoyle (D:11)
  11 spiny frogs
  Joseph (D:7)
  6 komodo dragons
  A tengu conjurer (D:12)
  A troll (D:9)
  A queen bee (Lair:3)
  2 slime creatures (Lair:5)
  6 tyrant leeches (Lair:6)
  22 blink frogs
  A dream sheep (Lair:5)
  A wandering mushroom (Lair:3)
  4 hippogriffs
  A spriggan (D:7)
  2 wyverns (Lair:5)
  34 yaks
  3 basilisks
  A steam dragon (D:9)
  A hungry ghost (D:7)
  4 wargs (D:12)
  A swamp worm (Lair:6)
  15 water moccasins
  10 porcupines
  A black bear (D:9)
  3 slaves
  An ice beast (D:6)
  32 orc warriors
  A necrophage (D:7)
  3 phantoms
  3 sky beasts
  7 ogres
  5 wolves
  15 centaurs
  13 crocodiles
  Blork the orc (D:4)
  5 big kobolds
  14 bullfrogs
  3 wyvern skeletons
  2 water moccasin zombies
  2 scorpions
  46 killer bees
  5 wights (D:7)
  3 howler monkeys
  An electric eel (D:12)
  8 crimson imps
  4 jellies
  5 centaur skeletons
  3 centaur zombies
  8 hounds
  6 orc priests
  10 orc wizards
  5 iguanas
  4 hell rats
  8 worker ants
  2 killer bee zombies
  A hound zombie (D:9)
  2 hound skeletons
  2 worker ant zombies (D:5)
  11 adders
  14 gnolls
  2 river rats (D:9)
  5 shadow imps
  A white imp (D:8)
  2 oozes (D:3)
  2 adder skeletons
  2 worms
  2 dart slugs
  8 leopard geckos
  83 orcs
  4 giant cockroaches
  7 goblins
  6 hobgoblins
  16 jackals
  30 kobolds
  7 quokkas
  A ball python (D:3)
  A ball python skeleton (D:3)
  3 bats (D:1)
  A frilled lizard (D:3)
  A quokka skeleton (D:9)
  8 rats
606 creatures vanquished.

Vanquished Creatures (others)
  A bush (Lair:3)
  9 fungi
  18 plants
28 creatures vanquished.

Grand Total: 634 creatures vanquished

Notes
Turn   | Place    | Note
-------+----------+-------------------------------------------
     0 | D:1      | GordonOverkill the Demigod Wanderer began the quest for the
                  | Orb.
     0 | D:1      | GordonOverkill set off with the following items: a +2 scale
                  | mail, a +0 shortbow, 23 arrows, a +0 mace, a ration
     0 | D:1      | Reached XP level 1. HP: 18/18 MP: 3/3
    89 | D:1      | You fall through a shaft!
    98 | D:2      | Reached skill level 2 in Maces & Flails
    98 | D:2      | Reached XP level 2. HP: 24/25 MP: 4/4
   293 | D:2      | Reached XP level 3. HP: 21/31 MP: 5/5
  1180 | D:1      | Reached skill level 3 in Maces & Flails
  2691 | D:3      | Found a stormy altar of Qazlal.
  2726 | D:3      | Reached XP level 4. HP: 38/38 MP: 6/6
  3213 | D:3      | Found a snail-covered altar of Cheibriados.
  3214 | D:3      | Found a white marble altar of Elyvilon.
  3216 | D:3      | Found a shattered altar of Ashenzari.
  3401 | D:2      | Reached skill level 4 in Maces & Flails
  3401 | D:2      | Reached XP level 5. HP: 36/46 MP: 7/7
  3826 | D:4      | Noticed Blork the orc
  4378 | D:4      | Killed Blork the orc
  4462 | D:4      | Reached skill level 5 in Maces & Flails
  4462 | D:4      | Reached XP level 6. HP: 36/52 MP: 6/8
  5110 | D:4      | Noticed Pikel
  5189 | D:3      | Killed Pikel
  5189 | D:3      | Reached skill level 5 in Fighting
  5189 | D:3      | Reached skill level 6 in Maces & Flails
  5189 | D:3      | Reached XP level 7. HP: 36/61 MP: 6/9
  5772 | D:5      | Entered Level 5 of the Dungeon
  5943 | D:5      | Found a blossoming altar of Fedhas.
  5969 | D:5      | Reached skill level 7 in Maces & Flails
  6167 | D:5      | Reached skill level 1 in Evocations
  6308 | D:5      | Found a burning altar of Makhleb.
  6371 | D:5      | Reached XP level 8. HP: 70/70 MP: 9/11
  6454 | D:5      | Found a staircase to the Ecumenical Temple.
  7195 | D:6      | Reached skill level 8 in Maces & Flails
  8727 | D:7      | Reached XP level 9. HP: 46/78 MP: 11/14
  9019 | D:7      | Noticed Joseph
  9034 | D:7      | Killed Joseph
  9034 | D:7      | Reached skill level 9 in Maces & Flails
 10280 | D:7      | Reached skill level 10 in Maces & Flails
 11200 | D:8      | Found Tenicwe's Weapon Emporium.
 11203 | D:8      | Bought a +2 morningstar of draining for 268 gold pieces
 11402 | D:9      | Found a staircase to the Lair.
 11402 | D:9      | Noticed a death yak
 11435 | D:8      | Killed a death yak
 11435 | D:8      | Reached XP level 10. HP: 53/88 MP: 8/16
 11585 | D:9      | Reached skill level 11 in Maces & Flails
 11712 | D:9      | Noticed a death yak
 11713 | D:9      | Noticed a death yak
 11980 | D:9      | Found an iron altar of Okawaru.
 12930 | D:10     | Entered Level 10 of the Dungeon
 12999 | D:10     | Found Teup's Distillery.
 13010 | D:10     | Bought a potion of mutation for 88 gold pieces
 13010 | D:10     | Bought a potion of mutation for 88 gold pieces
 13010 | D:10     | Bought a potion of mutation for 88 gold pieces
 13010 | D:10     | Bought a potion of haste for 110 gold pieces
 13037 | D:10     | Found Jucsaryx's Antique Armour Shop.
 13053 | D:10     | Gained mutation: You are clumsy. (Dex -2) [potion of
                  | mutation]
 13053 | D:10     | Gained mutation: You are dopey. (Int -2) [potion of
                  | mutation]
 13053 | D:10     | Gained mutation: You are partially covered in slimy green
                  | scales. (AC +2) [potion of mutation]
 13054 | D:10     | Lost mutation: You are partially covered in slimy green
                  | scales. (AC +2) [potion of mutation]
 13054 | D:10     | Lost mutation: You are clumsy. (Dex -2) [potion of
                  | mutation]
 13054 | D:10     | Gained mutation: You are agile. (Dex +2) [potion of
                  | mutation]
 13054 | D:10     | Lost mutation: You are agile. (Dex +2) [potion of mutation]
 13054 | D:10     | Gained mutation: You have supernaturally acute eyesight.
                  | (SInv) [potion of mutation]
 13055 | D:10     | Lost mutation: You have supernaturally acute eyesight.
                  | (SInv) [potion of mutation]
 13055 | D:10     | Lost mutation: You are dopey. (Int -2) [potion of mutation]
 13055 | D:10     | Gained mutation: You evolve. [potion of mutation]
 13055 | D:10     | Gained mutation: Your system is resistant to poisons.
                  | (rPois) [potion of mutation]
 13055 | D:10     | Gained mutation: You are resistant to hostile enchantments.
                  | (MR+) [potion of mutation]
 13219 | D:10     | Found Riurazxe's Assorted Antiques.
 13323 | D:10     | Found Kumerghu's Armour Shoppe.
 13666 | D:10     | Found Goenuagod's Jewellery Shop.
 13812 | D:10     | Found a shadowy altar of Dithmenos.
 13893 | D:10     | Reached skill level 12 in Maces & Flails
 14200 | D:10     | Found a roughly hewn altar of Beogh.
 14334 | D:11     | Noticed a two-headed ogre
 14340 | D:11     | Killed a two-headed ogre
 14487 | D:11     | Noticed a centaur warrior
 14493 | D:11     | Killed a centaur warrior
 14493 | D:11     | Reached XP level 11. HP: 90/97 MP: 15/17
 15222 | D:11     | Identified a scroll of acquirement
 15345 | D:11     | Noticed an orc knight
 15878 | D:10     | Reached skill level 13 in Maces & Flails
 16269 | D:11     | Reached skill level 10 in Fighting
 16465 | D:11     | Found a roughly hewn altar of Beogh.
 16681 | D:12     | Found a flagged portal.
 16701 | Bailey   | Entered a bailey
 18117 | Bailey   | Got a bloodstained executioner's axe
 18123 | Bailey   | Identified the cursed +2 executioner's axe of Gluttony
                  | {chop, Int+4} (You found it in a bailey)
 18624 | D:12     | Found a staircase to the Orcish Mines.
 18639 | D:12     | Reached skill level 5 in Shields
 18819 | D:12     | Noticed a two-headed ogre
 18828 | D:12     | Killed a two-headed ogre
 19120 | D:12     | Reached XP level 12. HP: 94/106 MP: 16/18
 19736 | Lair:1   | Entered Level 1 of the Lair of Beasts
 19756 | Lair:1   | Reached skill level 14 in Maces & Flails
 20390 | Lair:1   | Noticed a six-headed hydra
 20403 | Lair:1   | Killed a six-headed hydra
 20555 | Lair:1   | Reached skill level 5 in Armour
 20847 | Lair:2   | Found a staircase to the Shoals.
 21196 | Lair:2   | Noticed a four-headed hydra
 21207 | Lair:2   | Killed a four-headed hydra
 21725 | Lair:3   | Found a hole to the Spider Nest.
 21751 | Lair:3   | Noticed a five-headed hydra
 21760 | Lair:3   | Killed a five-headed hydra
 21797 | Lair:3   | Found a gate leading to a gauntlet.
 22417 | Lair:3   | Reached skill level 15 in Maces & Flails
 22728 | Lair:3   | Reached XP level 13. HP: 116/116 MP: 19/19
 24347 | Lair:4   | Noticed nawrastar's ghost (journeyman TeCj)
 24348 | Lair:4   | Noticed a minotaur
 24372 | Lair:4   | Found a runed gate.
 24372 | Lair:4   | Found a runed gate.
 24372 | Lair:4   | Found a runed gate.
 25547 | Lair:5   | Found a staircase to the Slime Pits.
 25623 | Lair:5   | Noticed Sonja
 25630 | Lair:5   | Killed Sonja
 25661 | Lair:5   | Found a runed gate.
 25661 | Lair:5   | Found a runed gate.
 25663 | Lair:5   | Found a runed gate.
 26227 | Lair:5   | Found a viscous altar of Jiyva.
 26227 | Lair:5   | Noticed levstk's ghost (journeyman DrFE)
 26848 | Lair:6   | Entered Level 6 of the Lair of Beasts
 27505 | Lair:6   | Slain by a spiny frog

Vault maps used:
D:1:      dpeg_arrival_round_c
D:2:      hangedman_decor_peaks_small, ebering_dispersal_statue_hall
D:3:      minitemple, old_standard_altar, nrook_campfire
D:4:      first_ration, uniq_pikel, uniq_blork_the_orc
D:5:      temple_statues, basic_altar, fedhas_altar_3
D:7:      the_bakery, uniq_joseph
D:8:      minmay_spotlight, serial_shops, kennysheep_mini_moat,
          minmay_fire_ice_demons
D:9:      okawaru_metal_pillars_1_2, dpeg_lair_monsters
D:10:     serial_shops, shop, nicolae_shop_waterfront, nicolae_shop_stone, shop,
          shop, special_room, grunt_dithmenos_shadows
D:12:     david_orc_3, lightli_bailey_entry_fortress, nicolae_water_bricks,
          nooodl_orcs_dogs
Lair:1:   minmay_shattered_shrine, lemuel_fruit_tree
Lair:2:   minmay_shoals_entry_lonely_mermaid, grunt_megastairs_2
Lair:3:   dummy_spider_entry, special_room, gauntlet_entry_generic,
          grunt_megastairs_1, serial_bayou_shore_b, minmay_lair_oklob_chamber
Lair:4:   maelrawn_ghost_gauntlet_escape, minivault_26, minmay_holes
Lair:5:   minmay_slime_entry_pillars, gammafunk_ghost_ooze, serial_bayou_pond_b,
          st_stairs_13, uniq_sonja
Lair:6:   gammafunk_lair_ancient_temple, worms_lemuel
Bailey:   bailey_polearm_flooded_kennysheep, bailey

Skill      XL: |  1  2  3  4  5  6  7  8  9 10 11 12 13 |
---------------+----------------------------------------+-----
Maces & Flails | 2 3 4 5 6 7 8 10 12 13 15 | 15.8
Fighting       | 3 4 5 6 8 9 10 11 12 | 12.3
Armour         | 3 4 6 7 |  7.4
Evocations     | 1 3 4 |  4.0
Shields        | 2 5 7 8 |  8.2
Stealth        | |  1.0

Action                   |  1- 3 |  4- 6 |  7- 9 | 10-12 | 13-15 || total
-------------------------+-------+-------+-------+-------+-------++-------
Melee: Mace              |   119 |    79 |       |       |       ||   198
       Flail             |       |   158 |   165 |       |       ||   323
       Whip              |       |       |   518 |       |       ||   518
       Morningstar       |       |       |    17 |  1303 |   447 ||  1767
 Fire: Shortbow          |     2 |    10 |       |       |       ||    12
Throw: Tomahawk          |       |     3 |     6 |     5 |       ||    14
Evoke: Wand              |       |     2 |     4 |       |    32 ||    38
  Use: Potion            |       |     4 |       |     4 |     1 ||     9
       Scroll            |       |     7 |    12 |    13 |     2 ||    34
 Stab: Paralysed         |       |     3 |    23 |       |     7 ||    33
  Eat: Chunk             |     6 |     7 |     5 |    34 |     8 ||    60
       Ration            |       |       |     7 |     1 |     2 ||    10
Armor: Scale mail        |    68 |   107 |   253 |   182 |       ||   610
       Crystal plate arm |       |       |       |   466 |   216 ||   682
Dodge: Dodged            |    66 |   132 |   394 |   332 |    66 ||   990
Block: Large shield      |       |       |       |  1034 |       ||  1034
       Shield            |       |       |       |    11 |   224 ||   235

Table legend:
 A = Non-vault XP
 B = Vault XP
 C = Vault XP percentage of total XP
 D = Non-vault monster count
 E = Vault monster count
 F = Vault count percentage of total count
                 A         B        C        D         E       F
            +---------+---------+-------+---------+---------+-------
      Total |   48243 |   19957 |  29.3 |     409 |     194 |  32.2
            +---------+---------+-------+---------+---------+-------
        D:1 |      27 |       0 |   0.0 |      15 |       0 |   0.0
        D:2 |     148 |       0 |   0.0 |      21 |       0 |   0.0
        D:3 |     103 |     685 |  86.9 |      20 |       1 |   4.8
        D:4 |     223 |      99 |  30.7 |      17 |       1 |   5.6
        D:5 |     947 |       0 |   0.0 |      25 |       0 |   0.0
        D:6 |    1030 |       0 |   0.0 |      17 |       0 |   0.0
        D:7 |    1355 |     779 |  36.5 |      33 |       3 |   8.3
        D:8 |     641 |    1013 |  61.2 |      13 |       6 |  31.6
        D:9 |    2224 |     259 |  10.4 |      36 |       8 |  18.2
       D:10 |     842 |    1113 |  56.9 |      25 |      27 |  51.9
       D:11 |    7236 |    1244 |  14.7 |      56 |      21 |  27.3
       D:12 |    3236 |    1454 |  31.0 |      12 |      29 |  70.7
     Lair:1 |    4414 |    1477 |  25.1 |      17 |       7 |  29.2
     Lair:2 |    4899 |    1166 |  19.2 |      23 |      10 |  30.3
     Lair:3 |    4546 |    4184 |  47.9 |      19 |      27 |  58.7
     Lair:4 |    3738 |       0 |   0.0 |      12 |       0 |   0.0
     Lair:5 |    9584 |    2324 |  19.5 |      36 |       8 |  18.2
     Lair:6 |    3050 |    1869 |  38.0 |      12 |       7 |  36.8
     Bailey |       0 |    2291 | 100.0 |       0 |      39 | 100.0
            +---------+---------+-------+---------+---------+-------
